 Dungeon Crawl Stone Soup version 0.23-a0-636-g0ff6057 (webtiles) character file.

35 TheGoonsmith the Shield-Bearer (level 3, 0/20 HPs)
             Began as a Vine Stalker Fighter on Dec 28, 2018.
             Succumbed to an adder's poison
             ... on level 2 of the Dungeon.
             The game lasted 00:01:41 (764 turns).

TheGoonsmith the Shield-Bearer (VSFi)                Turns: 764, Time: 00:01:42

Health: 0/20       AC:  8    Str: 16 (19) XL:     3   Next: 35%
Magic:  4/4        EV:  4    Int:  5 (8)  God:
Gold:   41         SH:  8    Dex: 12 (13) Spells: 2/2 levels left

rFire    + . .     SeeInvis .   a - +0 flail
rCold    + . .     Gourm    .   c - +0 shield
rNeg     . . .     Faith    .   h - +0 chain mail
rPois    +         Spirit   +   (no helmet)
rElec    +         Reflect  .   (no cloak)
rCorr    +         Harm     .   (no gloves)
MR       .....                  (no boots)
Stlth    ..........             (no amulet)
HPRegen  0.06/turn              (no ring)
MPRegen  0.09/turn              (no ring)

@: lethally poisoned (0 -> -1), resistant, berserk cooldown, slowed, very slow
A: fangs 2, magic shield, antimagic bite, no potion heal 3, rot immunity
a: no special abilities


You were on level 2 of the Dungeon.
You were not hungry.

You visited 1 branch of the dungeon, and saw 2 of its levels.

You collected 41 gold pieces.

Inventory:

Hand Weapons
 a - a +0 flail (weapon)
Armour
 b - a +0 scale mail
 c - a +0 shield (worn)
 h - a +0 chain mail (worn)
Scrolls
 e - 3 scrolls of remove curse {unknown}
 i - a scroll of enchant armour {unknown}
 j - a scroll of fog {unknown}
Potions
 d - a potion of might
 l - a potion of heal wounds
Comestibles
 f - 4 rations
 o - 4 chunks of flesh


   Skills:
 - Level 3.0 Fighting
 * Level 2.5 Maces & Flails
 + Level 2.6 Armour
 + Level 3.0 Shields


You had 2 spell levels left.
You didn't know any spells.
Your spell library was empty.

Dungeon Overview and Level Annotations

Branches:
Dungeon (2/15)

Altars:
Ru


Innate Abilities, Weirdness & Mutations

You have extremely sharp teeth.
When hurt, damage is shared between your health and your magic reserves.
Your bite disrupts and absorbs the magic of your enemies.
Potions cannot restore your health.
You are immune to rotting.


Message History

You start resting.
A rat comes into view.
A rat is nearby!
You feel a strong urge to attack something.
You feel your anger nearly subside.
You are no longer berserk.
You are exhausted.
You feel yourself slow down.
* * * LOW HITPOINT WARNING * * *
You feel sick.
There is a lethal amount of poison in your body!
It was a potion of degeneration.
There was something very wrong with that liquid.
You feel weakened.
You feel dopey.
You feel clumsy.
It was a potion of magic.
Magic courses through your body.
It was a potion of resistance.
You feel protected.
* * * LOW HITPOINT WARNING * * *
You feel sick.
You die...

#.####.####.# #
#....)..#
#.#.##.##.#
..#.#.#...#.#.#.
#......†_.......
.#.#.#...#.#.#.
#.##.##.#
#.......#
####@####
#...........#
######.######
..# ###


There were no monsters in sight!

Vanquished Creatures
  An adder (D:2)
  2 dart slugs (D:1)
  A giant cockroach (D:1)
  5 hobgoblins
  4 kobolds (D:1)
  A quokka (D:2)
  A ball python (D:1)
  4 bats
  2 goblins
  A rat (D:1)
22 creatures vanquished.

Notes
Turn   | Place    | Note
-------+----------+-------------------------------------------
     0 | D:1      | TheGoonsmith the Vine Stalker Fighter began the quest for
                  | the Orb.
     0 | D:1      | Reached XP level 1. HP: 11/11 MP: 2/2
   114 | D:1      | Reached XP level 2. HP: 11/16 MP: 1/3
   717 | D:2      | Reached XP level 3. HP: 19/19 MP: 4/4
   732 | D:2      | Found a sacrificial altar of Ru.
   762 | D:2      | HP: 1/20 [poisoned by an adder]
   764 | D:2      | Succumbed to an adder's poison

Vault maps used:
D:1:      dpeg_arrival_stonehenge_8_columns, dk_noncrumbling_4
D:2:      nicolae_ru_sacrificial_ziggurat, uniq_jessica

Skill      XL: |  1  2  3 |
---------------+----------+-----
Maces & Flails | 2 |  2.5
Fighting       | 3 |  3.0
Shields        | 3 |  3.0
Armour         | |  2.6

Action                   || total
-------------------------++-------
Melee: Flail             ||    61
       Bite              ||    14
  Use: Potion            ||     5
Armor: Scale mail        ||     7
       Chain mail        ||    24
Dodge: Dodged            ||    13
Block: Shield            ||    29

Table legend:
 A = Non-vault XP
 B = Vault XP
 C = Vault XP percentage of total XP
 D = Non-vault monster count
 E = Vault monster count
 F = Vault count percentage of total count
                 A         B        C        D         E       F
            +---------+---------+-------+---------+---------+-------
      Total |      51 |       0 |   0.0 |      22 |       0 |   0.0
            +---------+---------+-------+---------+---------+-------
        D:1 |      31 |       0 |   0.0 |      17 |       0 |   0.0
        D:2 |      20 |       0 |   0.0 |       5 |       0 |   0.0
            +---------+---------+-------+---------+---------+-------
